 Dungeon Crawl Stone Soup version 0.21.1-1-g345015f (webtiles) character file.

70 nicolaieve the Chopper (level 4, -1/40 HPs)
             Began as a Minotaur Berserker on July 18, 2018.
             Was a Believer of Trog.
             Killed by nerve-wracking pain
             ... invoked by an orc priest
              (4 damage)
             ... on level 3 of the Dungeon.
             The game lasted 00:04:56 (1596 turns).

nicolaieve the Chopper (Minotaur Berserker)         Turns: 1596, Time: 00:04:57

Health: -1/40      AC:  5    Str: 22    XL:     4   Next: 4%
Magic:  3/3        EV: 11    Int:  4    God:    Trog [**....]
Gold:   92         SH:  0    Dex: 10    Spells: 3/3 levels left

rFire    . . .     SeeInvis +   a - +0 hand axe
rCold    . . .     Gourm    .   (no shield)
rNeg     . . .     Faith    .   o - +0 ring mail
rPois    .         Spirit   .   (helmet restricted)
rElec    .         Reflect  .   (no cloak)
rCorr    .         Harm     .   (no gloves)
MR       .....     Rnd*Tele +   (no boots)
Stlth    ..........             (no amulet)
HPRegen  0.13/turn              i - ring of teleportation (curse)
MPRegen  0.08/turn              p - ring of see invisible

@: no status effects
A: retaliatory headbutt, horns 2
a: Berserk, Trog's Hand, Burn Spellbooks, Renounce Religion


You were on level 3 of the Dungeon.
You worshipped Trog.
Trog was pleased with you.
You were not hungry.

You visited 1 branch of the dungeon, and saw 3 of its levels.

You collected 92 gold pieces.

Inventory:

Hand Weapons
 a - a +0 hand axe (weapon)
Armour
 o - a +0 ring mail (worn)
Jewellery
 i - a cursed ring of teleportation (left hand)
 p - a ring of see invisible (right hand)
Scrolls
 d - 3 scrolls of remove curse {unknown}
 e - 3 scrolls of identify {unknown}
 g - a scroll of teleportation {unknown}
 k - 4 scrolls of blinking {unknown}
 l - a scroll of enchant weapon {unknown}
Potions
 b - a potion of degeneration {unknown}
 h - a potion of haste {unknown}
 j - a potion of flight {unknown}
 m - a potion of cancellation {unknown}
 n - 3 potions of might {unknown}
Comestibles
 c - 8 rations


   Skills:
 - Level 3.7 Fighting
 + Level 5.8 Axes
 - Level 2.4 Armour
 - Level 2.2 Dodging


You had 3 spell levels left.
You didn't know any spells.

Dungeon Overview and Level Annotations

Branches:
Dungeon (3/15)

Altars:


Innate Abilities, Weirdness & Mutations

You reflexively headbutt those who attack you in melee.
You have a pair of horns on your head.


Message History

Unknown command.
You completely miss the orc priest.
The orc priest is moderately wounded.
The orc priest hits you with a club.
You hit the orc priest but do no damage.
You headbutt the orc priest, but do no damage.
The orc priest is moderately wounded.
The orc priest calls down the wrath of Beogh upon you.
Pain shoots through your body!
* * * LOW HITPOINT WARNING * * *
You closely miss the orc priest.
The orc priest is moderately wounded.
The orc priest barely misses you. You furiously retaliate!
You headbutt the orc priest.
You hit the orc priest but do no damage.
Your headbutt misses the orc priest.
The orc priest is heavily wounded.
The orc priest mumbles some strange prayers to Beogh against you.
Pain shoots through your body!
You die...

.. #.#
#########.#
........#.#
..#.###.#.#
#.#.#
#.#.######.#
#....)@o...#
###..†[###.#
####.# #.#
#.# #.# ...
#.#


You could see an orc priest.

Vanquished Creatures
  2 adders (D:2)
  A worm (D:1)
  A leopard gecko (D:1)
  3 orcs (D:3)
  A giant cockroach (D:3)
  9 goblins
  6 hobgoblins
  A quokka (D:2)
  5 bats
  4 frilled lizards
  4 kobolds
  5 rats (D:1)
42 creatures vanquished.

Notes
Turn   | Place    | Note
-------+----------+-------------------------------------------
     0 | D:1      | nicolaieve the Minotaur Berserker began the quest for the Orb.
     0 | D:1      | Reached XP level 1. HP: 19/19 MP: 0/0
    51 | D:1      | Reached skill level 4 in Axes
   159 | D:1      | Reached XP level 2. HP: 18/27 MP: 1/1
   789 | D:2      | Reached skill level 5 in Axes
   789 | D:2      | Reached XP level 3. HP: 33/33 MP: 2/2
   997 | D:2      | Reached ** piety under Trog
  1585 | D:3      | Reached XP level 4. HP: 36/40 MP: 3/3
  1594 | D:3      | HP: 2/40 [orc priest/nerve-wracking pain (14)]
  1596 | D:3      | Killed from afar by an orc priest

Skill      XL: |  1  2 |
---------------+-------+-----
Axes           | 4 5 |  5.8
Fighting       | |  3.7
Armour         | |  2.4
Dodging        | |  2.2

Action                   |  1- 3 |  4- 6 || total
-------------------------+-------+-------++-------
Melee: Hand axe          |    77 |    11 ||    88
       Headbutt          |    12 |     1 ||    13
Invok: Burn Spellbooks   |     1 |       ||     1
 Stab: Sleeping          |     1 |       ||     1
  Eat: Chunk             |     2 |       ||     2
Armor: Animal skin       |     6 |       ||     6
       Ring mail         |    10 |     3 ||    13
Dodge: Dodged            |    51 |     3 ||    54
